 Dungeon Crawl Stone Soup version 0.25.1-4-g9407a263a5 (webtiles) character file.

Game seed: 14499742899506775878

221465 Clowwww the Severer (level 18, -8/142 HPs)
             Began as a Demonspawn Fighter on Nov 29, 2020.
             Was the Champion of Ashenzari.
             Splashed by an acid blob's acid (9 damage)
             ... on level 5 of the Lair of Beasts.
             The game lasted 02:56:36 (39541 turns).

Clowwww the Severer (Demonspawn Fighter)           Turns: 39541, Time: 02:56:37

Health: -8/142     AC: 13    Str: 25    XL:     18   Next: 7%
Magic:  20/20      EV: 26    Int: 16    God:    Ashenzari [******]
Gold:   2395       SH: 18    Dex: 20    Spells: 18/19 levels left

rFire    . . .     SeeInvis +   a - +2 war axe (flame) (curse)
rCold    . . .     Gourm    .   c - +3 kite shield (curse)
rNeg     + . .     Faith    +   x - +1 pearl dragon scales "Lior" {rN+ Int+5} (curse)
rPois    .         Spirit   .   (helmet unavailable)
rElec    +         Reflect  .   Q - +0 cloak of Keoph {MR+ Str+3 Slay+3} (curse)
rCorr    .         Harm     .   l - +2 pair of gloves (curse)
MR       ++...     Clarity  +   F - +2 pair of boots {Fly} (curse)
Stlth    +++.......             v - amulet of the Barnacle {Faith rElec} (curse)
HPRegen  0.33/turn              k - +4 ring of evasion (curse)
MPRegen  0.17/turn              e - +6 ring of dexterity (curse)

@: mighty, corroded, flying, very slightly contaminated
A: antennae 3, demonic guardian 3, powered by pain 2, augmentation 2, sturdy
frame 2
}: 2/15 runes: serpentine, barnacled
a: Curse Item, Scrying, Transfer Knowledge, Renounce Religion, Stop Flying


You were on level 5 of the Lair of Beasts.
You worshipped Ashenzari.
Ashenzari was exalted by your worship.
You were not hungry.

You visited 5 branches of the dungeon, and saw 30 of its levels.

You collected 2395 gold pieces.

Inventory:

Hand Weapons
 a - a cursed +2 war axe of flaming (weapon)
 Z - the +8 hunting sling of the Asp {freeze, rElec Int+3 Dex+4 Stlth+}
   (You found it on level 4 of the Shoals)

   It causes projectiles fired from it to freeze those they strike, causing
   extra injury to most foes and up to half again as much damage against
   particularly susceptible opponents.
   They can also slow down cold-blooded creatures.
   It affects your intelligence (+3).
   It affects your dexterity (+4).
   It insulates you from electricity.
   It makes you more stealthy.
Missiles
 f - 49 silver javelins (quivered)
 t - 9 throwing nets
 w - 62 poisoned darts
 M - 24 boomerangs
Armour
 c - a cursed +3 kite shield (worn)
 l - a cursed +2 pair of gloves (worn)
 x - the cursed +1 pearl dragon scales "Lior" (worn) {rN+ Int+5}
   (You found it on level 9 of the Dungeon)

   It affects your intelligence (+5).
   It protects you from negative energy.
   It has a curse placed upon it.
 C - +0 ice dragon scales
 E - a +1 scale mail of magic resistance
 F - a cursed +2 pair of boots of flying (worn)
 Q - the cursed +0 cloak of Keoph (worn) {MR+ Str+3 Slay+3}
   (You acquired it on level 6 of the Lair of Beasts)

   It affects your strength (+3).
   It affects your accuracy and damage with ranged weapons and melee attacks
   (+3).
   It affects your resistance to hostile enchantments.
   It has a curse placed upon it.
Jewellery
 e - a cursed +6 ring of dexterity (right hand)
 k - a cursed +4 ring of evasion (left hand)
 m - an uncursed amulet of faith
 r - a cursed amulet of reflection
 u - an uncursed ring of resist corrosion
 v - the cursed amulet of the Barnacle (around neck) {Faith rElec}
   (You found it on level 7 of the Dungeon)

   [amulet of faith]

   It allows you to gain divine favour quickly.
   It insulates you from electricity.
   It has a curse placed upon it.
 V - an uncursed ring of protection from cold
 X - an uncursed ring of poison resistance
 Y - an uncursed ring of positive energy
Wands
 b - a wand of clouds (11)
 y - a wand of disintegration (50)
 G - a wand of flame (57)
 H - a wand of acid (22)
 K - a wand of paralysis (28)
Scrolls
 n - 4 scrolls of amnesia
 q - 14 scrolls of teleportation
 B - 3 scrolls of fog
 D - 5 scrolls of magic mapping
 L - 2 scrolls of silence
 N - 4 scrolls of brand weapon
 P - 6 scrolls of identify
 S - 2 scrolls of fear
 T - a scroll of summoning
 U - 4 scrolls of remove curse
Potions
 d - 2 potions of might
 g - 15 potions of curing
 i - 2 potions of resistance
 j - 8 potions of haste
 o - 2 potions of cancellation
 p - 5 potions of stabbing
 s - 5 potions of flight
 A - 4 potions of ambrosia
 R - a potion of invisibility
Miscellaneous
 J - a lightning rod (4/4)
Comestibles
 W - 65 rations


   Skills:
 + Level 12.6 Fighting
 + Level 16.4(20.3) Axes
 + Level 13.9 Throwing
 + Level 7.8(12.3) Armour
 + Level 9.1(13.4) Dodging
 + Level 5.5 Stealth
 + Level 13.5(16.1) Shields
 + Level 1.4 Spellcasting
 + Level 1.2(3.9) Translocations
 + Level 1.1(3.7) Evocations


You had 18 spell levels left.
You knew the following spells:

 Your Spells              Type           Power        Failure   Level  Hunger
a - Apportation           Tloc           ##....       6%          1    ##.....

Your spell library contained the following spells:

 Spells                   Type           Power        Failure   Level  Hunger
 Animate Skeleton         Necr           N/A          22%         1    ##.....
 Beastly Appendage        Tmut           #.....       22%         1    ##.....
 Corona                   Hex            #......      22%         1    ##.....
 Foxfire                  Conj/Fire      #...         22%         1    ##.....
 Shock                    Conj/Air       #...         22%         1    ##.....
 Sting                    Tmut/Pois      #...         22%         1    ##.....
 Summon Butterflies       Summ           #.......     22%         1    ##.....
 Summon Small Mammal      Summ           #...         22%         1    ##.....
 Ensorcelled Hibernation  Hex/Ice        #.....       34%         2    ###....
 Passwall                 Tmut/Erth      #.......     34%         2    ###....
 Poisonous Vapours        Pois/Air       #.....       34%         2    ###....
 Sticks to Snakes         Tmut           #.......     34%         2    ###....
 Sublimation of Blood     Necr           #.........   34%         2    ###....
 Swiftness                Chrm/Air       #.......     34%         2    ###....
 Passage of Golubria      Tloc           N/A          50%         4    #####..
 Call Canine Familiar     Summ           #.......     56%         3    ####...
 Confusing Touch          Hex            #.......     56%         3    ####...
 Conjure Flame            Conj/Fire      #.......     56%         3    ####...
 Dazzling Flash           Conj/Hex       #.....       56%         3    ####...
 Ignite Poison            Fire/Tmut/Pois #.......     56%         3    ####...
 Inner Flame              Hex/Fire       #.......     56%         3    ####...
 Mephitic Cloud           Conj/Pois/Air  #.......     56%         3    ####...
 Spider Form              Tmut/Pois      #.........   56%         3    ####...
 Static Discharge         Conj/Air       #.......     56%         3    ####...
 Tukima's Dance           Hex            #.......     56%         3    ####...
 Airstrike                Air            #.........   92%         4    #####..
 Ice Form                 Ice/Tmut       #.......     92%         4    #####..
 Olgreb's Toxic Radiance  Pois           #.......     92%         4    #####..
 Petrify                  Tmut/Erth      #.......     92%         4    #####..
 Sticky Flame             Conj/Fire      #.......     92%         4    #####..
 Summon Ice Beast         Ice/Summ       #.......     92%         4    #####..
 Alistair's Intoxication  Tmut/Pois      #.......     99%         5    ######.
 Blade Hands              Tmut           #.........   99%         5    ######.
 Fireball                 Conj/Fire      #.........   99%         5    ######.
 Irradiate                Conj/Tmut      #.........   99%         5    ######.
 Lee's Rapid Deconstruct  Erth           #.........   99%         5    ######.
 Lightning Bolt           Conj/Air       #.........   99%         5    ######.
 Summon Mana Viper        Hex/Summ       #.......     99%         5    ######.
 Darkness                 Hex            #.........   100%        6    #######
 Eringya's Noxious Bog    Tmut/Pois      #.........   100%        6    #######
 Freezing Cloud           Conj/Ice/Air   #.........   100%        6    #######
 Invisibility             Hex            #.......     100%        6    #######
 Starburst                Conj/Fire      #.........   100%        6    #######
 Ring of Flames           Chrm/Fire      #.........   100%        7    #######
 Summon Hydra             Summ           #.........   100%        7    #######
 Ignition                 Fire           #.........   100%        8    #######


Dungeon Overview and Level Annotations

Branches:
Dungeon (15/15)            Temple (0/1) D:7            Lair (6/6) D:11
 Shoals (4/4) Lair:4        Snake (4/4) Lair:2        Slime (1/5) Lair:5
    Orc (0/2) D:12         Vaults (0/5) D:13         Depths (0/5) D:15

Altars:
Ashenzari
Cheibriados
Gozag
Makhleb
Nemelex Xobeh
Ru
Sif Muna
Trog
Vehumet
Wu Jian
Xom
Jiyva

Shops:
D:13 %   Snake:3 [

Annotations:
D:9 1 runed translucent door
D:15 Roxanne


Innate Abilities, Weirdness & Mutations

You have a pair of large antennae on your head. (SInv)
A powerful demonic guardian rushes to your aid.
You sometimes gain power by taking damage.
Your magical and physical power is enhanced at high health.
Your movements are less encumbered by armour. (ER -4)


Message History

Okay, then.
Blink to where?
Press: ? - help, Dir - move target cursor You are very lightly contaminated with residual magic.
As you read the scroll of blinking, it crumbles to dust.
The slime creature misses your cacodemon.
Your cacodemon gestures at the slime creature.
The bolt of energy hits the slime creature!!!
The slime creature is blown up!
The slime creature hits your cacodemon! The acid blob spits acid at you.
You block the splash of acid.
Your cacodemon hits the slime creature.
Your cacodemon barely misses the slime creature.
Something closely misses your cacodemon.
There is a stone staircase leading up here.
The acid blob spits acid at you. The splash of acid hits you!
* * * LOW HITPOINT WARNING * * *
The acid corrodes you!
You are splashed with acid!
You die...

###..........#.#
##.P......#...
#.#.......#######...).......P.
##..#...### ##....#####......
#..#....#####.....#...#......
#.####..P##......J2_J>#......
### #P...........#...#......
##...........#####....#.
#.#....................#
###....@..............PP
##...................P ##
#.................... .###
##................... ..P#
##...............#.. P.####
####................## .....#
#.###.....##......#### #....#
##.#....######....##.# ##.#.#
##......# #.#.####.


You could see an acid blob and a friendly cacodemon (summoned).

Vanquished Creatures
  Jorgrun (Snake:1)
  An acid blob (Lair:5)
  A kraken (Shoals:4)
  The ghost of Qikuazi the Severer, an adept FoWn of the Shining One (Shoals:2)
  4 nagarajas (Snake:4)
  The ghost of luab the Martial Artist, an adept GnTm of Okawaru (Shoals:4)
  Aizul (Snake:1)
  Azrael (D:14)
  7 merfolk impalers
  A fire dragon (D:15)
  5 merfolk javelineers (Shoals:4)
  11 naga warriors
  4 hydras
  12 anacondas
  A centaur warrior (D:15)
  2 alligator snapping turtles (Shoals:4)
  A death knight (D:14)
  A two-headed ogre (D:9)
  3 dancing weapons (D:14)
  3 merfolk aquamancers
  4 satyrs
  Urug (Lair:6)
  6 shock serpents
  10 naga sharpshooters
  A fire crab (Lair:3)
  A salamander mystic (Snake:4)
  3 unseen horrors
  9 sea snakes
  2 naga ritualists (Snake:4)
  A wizard (D:14)
  5 lindwurms
  An ugly thing (D:14)
  2 oklob plants (Shoals:3)
  10 mana vipers
  25 harpies
  2 wolf spiders (Lair:6)
  10 manticores
  15 fauns
  6 salamanders
  8 slime creatures
  2 moths of wrath (Shoals:2)
  6 cyclopes
  A centaur zombie (D:14)
  9 merfolk sirens
  8 guardian serpents
  17 black mambas
  A torpor snail (Lair:6)
  11 water nymphs
  A gargoyle (D:7)
  20 spiny frogs
  18 naga magi
  A yaktaur (shapeshifter) (D:13)
  An efreet (D:15)
  7 komodo dragons
  7 wind drakes
  4 polar bears (Lair:6)
  4 trolls
  2 hornets (Lair:6)
  5 raiju (Lair:6)
  23 merfolk
  4 snapping turtles
  12 hippogriffs
  14 blink frogs
  9 dream sheep
  3 shadows
  2 redbacks (Lair:6)
  4 fire elementals (D:14)
  8 water elementals
  7 wyverns
  Eustachio (D:5)
  3 humans (D:10)
  18 yaks
  4 basilisks
  2 hogs (D:7)
  4 vampire mosquitoes (D:14)
  3 soldier ants
  An acid dragon (D:12)
  A warg (Lair:6)
  37 nagas
  30 water moccasins
  7 porcupines
  13 hell hounds
  10 black bears
  A hornet zombie (D:15)
  5 ice beasts
  2 phantoms (D:14)
  5 sky beasts
  A necrophage (D:10)
  5 orc warriors
  2 ogres
  11 wolves (Lair:6)
  9 centaurs
  17 crocodiles
  14 bullfrogs
  A big kobold (D:14)
  A wyvern zombie (D:9)
  4 scorpions
  11 killer bees
  2 howler monkeys
  5 wights
  An electric eel (Lair:4)
  2 bullfrog zombies
  9 crimson imps
  A quasit (D:8)
  A bullfrog skeleton (D:11)
  2 hounds
  8 centaur skeletons
  A gnoll shaman (D:9)
  7 jellies
  15 orc priests
  An iguana (D:8)
  9 orc wizards
  6 hell rats (Lair:4)
  7 worker ants
  A killer bee zombie (D:9)
  A hound zombie (D:9)
  2 hound skeletons
  A mummy (D:5)
  2 worker ant zombies
  8 gnolls
  15 adders
  3 river rats (Lair:4)
  4 shadow imps
  An adder zombie (D:8)
  2 adder skeletons (D:4)
  3 dart slugs
  3 leopard geckos
  52 orcs
  3 ball pythons
  4 bats
  7 giant cockroaches
  7 hobgoblins
  12 jackals
  18 kobolds
  5 quokkas
  8 frilled lizards
  5 goblins
  A leopard gecko zombie (D:8)
  A quokka zombie (D:10)
  11 rats
  3 fungi
  13 plants
  2 tentacles (Shoals:4)
893 creatures vanquished.

Vanquished Creatures (collateral kills)
  Rupert (Snake:1)
  Asterion (Snake:1)
  A kraken (Shoals:3)
  Agnes (D:15)
  2 nagarajas (Snake:4)
  A merfolk javelineer (Shoals:2)
  4 merfolk impalers
  2 hydras
  Harold (D:8)
  An ice dragon (D:15)
  An anaconda (Snake:1)
  A merfolk aquamancer (Shoals:4)
  A dancing weapon (D:14)
  A two-headed ogre (D:11)
  A satyr (Shoals:2)
  2 shock serpents (Snake:3)
  3 salamander mystics (Snake:4)
  3 sea snakes
  4 harpies
  A lindwurm (shapeshifter) (D:13)
  An orc knight (D:15)
  5 manticores
  A salamander (Snake:3)
  5 ugly things
  5 fauns
  3 merfolk sirens (Shoals:1)
  2 guardian serpents
  A centaur zombie (D:14)
  A centaur skeleton (D:13)
  A naga mage (Snake:4)
  A torpor snail (Lair:6)
  A water nymph (Shoals:4)
  A gargoyle (D:12)
  A komodo dragon (D:11)
  5 merfolk
  5 polar bears (Lair:6)
  2 trolls
  A wind drake (Shoals:1)
  A blink frog (Lair:6)
  A hornet (D:7)
  2 slime creatures
  4 dream sheep
  3 hippogriffs
  5 water elementals
  2 yaks
  A human (D:7)
  2 hogs (D:7)
  A basilisk (Lair:3)
  A steam dragon (shapeshifter) (D:13)
  A hungry ghost (D:8)
  3 wargs (Lair:6)
  A naga (Snake:1)
  A hell hound (Lair:6)
  6 orc warriors
  A sky beast (D:9)
  4 black bears
  2 ogres
  2 necrophages
  2 centaurs
  2 wolves (Lair:6)
  A crocodile (D:11)
  3 bullfrogs
  A gnoll sergeant (D:6)
  2 killer bees (D:9)
  4 wights
  3 crimson imps
  A bullfrog zombie (D:6)
  A jelly (D:15)
  2 orc priests
  A gnoll shaman (D:6)
  2 hounds
  3 orc wizards
  A bullfrog skeleton (D:9)
  2 iguanas
  5 worker ants
  3 adders
  11 gnolls
  A shadow imp (D:11)
  A worm (D:6)
  7 orcs
  A kobold (D:2)
  A plant (Shoals:3)
180 creatures vanquished.

Vanquished Creatures (others)
  15 fungi
  27 plants
  11 tentacles
53 creatures vanquished.

Grand Total: 1126 creatures vanquished

Notes
Turn   | Place    | Note
-------+----------+-------------------------------------------
     0 | D:1      | Clowwww the Demonspawn Fighter began the quest for the Orb.
     0 | D:1      | Reached XP level 1. HP: 18/18 MP: 1/1
    81 | D:1      | Gained mutation: A weak demonic guardian rushes to your
                  | aid. [demonic ancestry]
    81 | D:1      | Reached XP level 2. HP: 23/24 MP: 2/2
   141 | D:1      | Reached skill level 2 in Axes
   196 | D:1      | Found a shattered altar of Ashenzari.
   200 | D:1      | Became a worshipper of Ashenzari the Shackled
   553 | D:2      | Gained mutation: Your movements are slightly less
                  | encumbered by armour. (ER -2) [demonic ancestry]
   553 | D:2      | Reached XP level 3. HP: 26/29 MP: 3/3
   992 | D:2      | Noticed a necrophage
  1000 | D:2      | Killed a necrophage
  1000 | D:2      | Reached skill level 3 in Axes
  1000 | D:2      | Reached XP level 4. HP: 35/35 MP: 4/4
  1165 | D:2      | Gained mutation: You have a pair of small antennae on your
                  | head. [demonic ancestry]
  1165 | D:2      | Reached XP level 5. HP: 41/41 MP: 5/5
  1831 | D:3      | Found an opulent altar of Gozag.
  2337 | D:3      | Reached * piety under Ashenzari
  3074 | D:4      | Found a burning altar of Makhleb.
  3154 | D:4      | Gained mutation: You have a pair of antennae on your head.
                  | [demonic ancestry]
  3154 | D:4      | Reached XP level 6. HP: 48/48 MP: 6/6
  3231 | D:5      | Entered Level 5 of the Dungeon
  3338 | D:5      | Noticed Eustachio
  3357 | D:5      | Killed Eustachio
  3357 | D:5      | Reached skill level 4 in Axes
  3357 | D:5      | Reached skill level 1 in Dodging
  3378 | D:5      | Reached skill level 1 in Throwing
  3570 | D:5      | Noticed an ice beast
  3578 | D:5      | Gained mutation: A demonic guardian rushes to your aid.
                  | [demonic ancestry]
  3578 | D:5      | Reached XP level 7. HP: 40/53 MP: 7/7
  3978 | D:5      | Reached ** piety under Ashenzari
  3998 | D:5      | Reached skill level 5 in Axes
  4112 | D:5      | Found a snail-covered altar of Cheibriados.
  4727 | D:6      | Gained mutation: Your movements are less encumbered by
                  | armour. (ER -4) [demonic ancestry]
  4727 | D:6      | Reached XP level 8. HP: 49/61 MP: 8/8
  4736 | D:6      | Reached skill level 6 in Axes
  5561 | D:6      | Found a shimmering blue altar of Sif Muna.
  5778 | D:7      | Found a staircase to the Ecumenical Temple.
  5780 | D:7      | Noticed a hippogriff
  5794 | D:7      | Killed a hippogriff
  5794 | D:7      | Reached skill level 7 in Axes
  5972 | D:7      | Identified the amulet of the Barnacle {Faith rElec}
  6026 | D:7      | Reached skill level 5 in Fighting
  6097 | D:7      | Reached *** piety under Ashenzari
  6110 | D:7      | Gained mutation: You sometimes gain a little power by
                  | taking damage. [demonic ancestry]
  6110 | D:7      | Reached XP level 9. HP: 57/68 MP: 9/9
  6113 | D:7      | Reached skill level 8 in Axes
  6114 | D:7      | Reached skill level 1 in Stealth
  6189 | D:7      | Noticed a gargoyle
  6197 | D:7      | Killed a gargoyle
  6197 | D:7      | Reached skill level 5 in Shields
  6615 | D:7      | Found a radiant altar of Vehumet.
  6617 | D:7      | Found a sparkling altar of Nemelex Xobeh.
  6884 | D:8      | Reached skill level 9 in Axes
  6954 | D:8      | Learned a level 1 spell: Apportation
  7007 | D:8      | Reached skill level 5 in Armour
  7743 | D:8      | Noticed Harold
  7752 | D:8      | Killed Harold
  7752 | D:8      | Gained mutation: You have a pair of large antennae on your
                  | head. (SInv) [demonic ancestry]
  7752 | D:8      | Reached XP level 10. HP: 76/76 MP: 10/10
  8323 | D:9      | Found a runed translucent door.
  8394 | D:9      | Found a shimmering altar of Xom.
  8394 | D:9      | Found a shimmering altar of Xom.
  8394 | D:9      | Found a shimmering altar of Xom.
  8394 | D:9      | Found a shimmering altar of Xom.
  8460 | D:9      | Noticed a spiny frog
  8460 | D:9      | a spiny frog changed into a komodo dragon
  8705 | D:9      | Noticed a two-headed ogre
  8706 | D:9      | Reached skill level 10 in Axes
  8720 | D:9      | Killed a two-headed ogre
  8720 | D:9      | Reached skill level 1 in Translocations
  8743 | D:9      | Reached skill level 1 in Spellcasting
  9008 | D:9      | Found a runed translucent door.
  9135 | D:9      | Reached **** piety under Ashenzari
  9685 | D:9      | Got the uncursed pearl dragon scales "Lior" {rN+ Int+5}
  9728 | D:9      | Identified the +1 pearl dragon scales "Lior" {rN+ Int+5}
                  | (You found it on level 9 of the Dungeon)
  9803 | D:9      | Noticed a harpy
  9805 | D:9      | Noticed a glowing orange brain
  9877 | D:10     | Entered Level 10 of the Dungeon
  9886 | D:10     | Noticed an unseen horror
  9895 | D:10     | Killed an unseen horror
  9895 | D:10     | Gained mutation: You sometimes gain power by taking damage.
                  | [demonic ancestry]
  9895 | D:10     | Reached XP level 11. HP: 81/83 MP: 12/12
 10825 | D:10     | Reached skill level 11 in Axes
 11070 | D:11     | Noticed a two-headed ogre
 11074 | D:11     | Killed a two-headed ogre
 11233 | D:11     | Found a staircase to the Lair.
 11917 | D:11     | Reached ***** piety under Ashenzari
 12370 | D:12     | Noticed a cyan ugly thing
 12380 | D:12     | Killed a cyan ugly thing
 12543 | D:12     | Found a staircase to the Orcish Mines.
 12923 | D:13     | Found Guanajaa's Food Boutique.
 12938 | D:13     | Found a gate to the Vaults.
 12939 | D:13     | Noticed a wolf spider
 12947 | D:13     | Paralysed by a hornet for 3 turns
 13682 | D:13     | Noticed an unseen horror
 13688 | D:13     | Killed an unseen horror
 13688 | D:13     | Reached XP level 12. HP: 92/92 MP: 13/13
 14169 | D:14     | Reached skill level 12 in Axes
 14169 | D:14     | Reached skill level 5 in Dodging
 14299 | D:14     | Found a large runed translucent door.
 14300 | D:14     | Found a large runed translucent door.
 14640 | D:14     | Noticed a death knight
 14665 | D:14     | Killed a death knight
 14924 | D:14     | Noticed an eight-headed hydra
 14931 | D:14     | Killed an eight-headed hydra
 14977 | D:14     | Noticed a five-headed hydra
 14985 | D:14     | Killed a five-headed hydra
 15326 | D:14     | Noticed Azrael
 15844 | D:14     | Killed Azrael
 15844 | D:14     | Reached skill level 1 in Evocations
 15893 | D:14     | Reached XP level 13. HP: 61/101 MP: 14/14
 16391 | D:15     | Entered Level 15 of the Dungeon
 16391 | D:15     | Identified Roxanne's Guide on the Rocks
 16391 | D:15     | Noticed Roxanne
 16423 | D:15     | Found a sacrificial altar of Ru.
 16618 | D:15     | Reached skill level 13 in Axes
 16784 | D:15     | Noticed Agnes
 16909 | D:15     | Noticed a fire dragon
 16926 | D:15     | Killed a fire dragon
 17015 | D:15     | Found a staircase to the Depths.
 17050 | D:15     | Reached ****** piety under Ashenzari
 17263 | D:15     | Killed Agnes
 17453 | Lair:1   | Entered Level 1 of the Lair of Beasts
 18528 | Lair:2   | Found a staircase to the Snake Pit.
 18550 | Lair:2   | Reached skill level 10 in Shields
 20064 | Lair:3   | Reached skill level 14 in Axes
 20454 | Lair:3   | Found an ornate altar of the Wu Jian Council.
 20729 | Lair:4   | Found a staircase to the Shoals.
 20837 | Lair:4   | Reached skill level 10 in Fighting
 20853 | Lair:4   | Reached skill level 5 in Stealth
 20859 | Lair:4   | Gained mutation: A powerful demonic guardian rushes to your
                  | aid. [demonic ancestry]
 20859 | Lair:4   | Reached XP level 14. HP: 106/110 MP: 16/16
 21790 | Lair:5   | Found a runed translucent door.
 21790 | Lair:5   | Found a viscous altar of Jiyva.
 21790 | Lair:5   | Found a staircase to the Slime Pits.
 22345 | Lair:6   | Entered Level 6 of the Lair of Beasts
 22387 | Lair:6   | Reached skill level 5 in Throwing
 22672 | Lair:6   | Noticed Urug
 22701 | Lair:6   | Killed Urug
 23493 | Lair:6   | Identified a scroll of acquirement
 23497 | Lair:6   | Acquired the cursed +0 cloak of Keoph {MR+ Str+3 Slay+3}
 23916 | Lair:6   | Reached skill level 15 in Axes
 24714 | Shoals:1 | Entered Level 1 of the Shoals
 24989 | Shoals:1 | Reached XP level 15. HP: 117/117 MP: 17/17
 27201 | Shoals:2 | Found a transporter.
 27356 | Shoals:2 | Found a bloodstained altar of Trog.
 27356 | Shoals:2 | Identified the +5 trident of Lurghiy {antimagic, +Fly rElec
                  | Int-4}
 27357 | Shoals:2 | Found a transporter.
 27401 | Shoals:2 | Noticed Qikuazi's ghost (adept FoWn)
 27447 | Shoals:2 | Identified the cursed +1 trident of Doequtes {elec, rElec
                  | Str+2}
 27494 | Shoals:2 | Killed Qikuazi's ghost
 28660 | Shoals:3 | Noticed a kraken
 28673 | Shoals:3 | Killed a kraken
 28916 | Shoals:3 | Gained mutation: Your magical and physical power is
                  | slightly enhanced at high health. [demonic ancestry]
 28916 | Shoals:3 | Reached XP level 16. HP: 111/125 MP: 18/18
 29501 | Shoals:4 | Entered Level 4 of the Shoals
 29852 | Shoals:4 | Found a runed translucent door.
 30819 | Shoals:4 | Reached skill level 16 in Axes
 30944 | Shoals:4 | Identified the +5 hand crossbow "Tauwk" {flame, +Fly rF+}
 31183 | Shoals:4 | Noticed luab's ghost (adept GnTm)
 31184 | Shoals:4 | Identified the +8 hunting sling of the Asp {freeze, rElec
                  | Int+3 Dex+4 Stlth+}
 31261 | Shoals:4 | Killed luab's ghost
 31384 | Shoals:4 | Reached skill level 10 in Throwing
 32208 | Shoals:4 | Got a barnacled rune of Zot
 32456 | Shoals:4 | Noticed a kraken
 32475 | Shoals:4 | Killed a kraken
 32728 | Shoals:4 | Identified the +5 whip "Radghur" {vorpal, Stlth+}
 33566 | Snake:1  | Entered Level 1 of the Snake Pit
 33566 | Snake:1  | Noticed Rupert
 33583 | Snake:1  | Killed Rupert
 33697 | Snake:1  | Noticed Asterion
 33704 | Snake:1  | Killed Asterion
 33737 | Snake:1  | Noticed Jorgrun
 33758 | Snake:1  | Killed Jorgrun
 33921 | Snake:1  | Noticed Aizul
 33944 | Snake:1  | Killed Aizul
 34474 | Snake:1  | Reached XP level 17. HP: 124/133 MP: 19/19
 36623 | Snake:3  | Found Muneafull's Armour Emporium.
 36826 | Snake:4  | Entered Level 4 of the Snake Pit
 39261 | Snake:4  | Gained mutation: Your magical and physical power is
                  | enhanced at high health. [demonic ancestry]
 39261 | Snake:4  | Reached XP level 18. HP: 141/141 MP: 20/20
 39275 | Snake:4  | Got a serpentine rune of Zot
 39521 | Slime:1  | Entered Level 1 of the Pits of Slime
 39541 | Lair:5   | HP: 1/142 [acid blob/splash of acid (10)]
 39541 | Lair:5   | Splashed by an acid blob's acid

Illustrated notes

Levels and vault maps discovered:
D:1:      scummos_arrival_hexagon, layout_rooms, nicolae_ashenzari_panopticon
D:2:      layout_loops_corners, first_ration
D:3:      layout_basic, nicolae_overflow_hidden_temple
D:4:      layout_cave_pools, makhleb_grotto_becter, grunt_ministairs_1
D:5:      layout_loops_corners, slow_altar_2, uniq_eustachio
D:6:      layout_basic, lemuel_blue_sif_altar
D:7:      layout_loops_ring, minitemple, minmay_temple_entry_tees,
          grunt_livestock, kennysheep_opposing_triangles
D:8:      layout_cave_pods, serial_column_ruins, column_ruins_grid_1,
          column_ruins_corridor_straight, column_ruins_open_medium,
          column_ruins_grid_1, column_ruins_grid_1, column_ruins_open_small,
          uniq_harold
D:9:      cheibrodos_histonic, layout_basic, xom_shifter_show
D:10:     layout_basic, kennysheep_nub, minmay_ruffians
D:11:     layout_cross, due_lair_maze_entry_diamond
D:12:     layout_long_grid, david_orc_2
D:13:     layout_stronghold, david_vaults_2, serial_shops, kennysheep_mini
D:14:     doesnt_quadruple_sword, layout_loops_ring, kennysheep_path_1,
          uniq_azrael
D:15:     grunt_enter_depths_hoard, layout_rooms, basic_altar, uniq_agnes,
          uniq_roxanne
Lair:1:   layout_cave_shapes
Lair:2:   layout_cave_pods, minmay_snake_entry_six_corridors, minmay_holes
Lair:3:   layout_loops_ring, basic_altar, minmay_shattered_shrine
Lair:4:   layout_small_grid, minmay_shoals_entry_hut, kennysheep_abandoned_house
Lair:5:   layout_cave_pods, slime_altar_2
Lair:6:   hangedman_lair_caniforms_friends, layout_cellular_growth,
          hangedman_lair_tendril_chambers, uniq_urug
Shoals:1: layout_shoals
Shoals:2: layout_shoals, gammafunk_ghost_wrathful_warriors
Shoals:3: layout_shoals, nicolae_shoals_this_corrosion
Shoals:4: shoals_end_hangedman, layout_shoals, gammafunk_ghost_grave
Snake:1:  layout_layer_cave, lemuel_fruit_tree, uniq_jorgrun, uniq_aizul,
          uniq_asterion, uniq_rupert
Snake:2:  layout_layer_cave, special_room, drop_trap, grunt_megastairs_2
Snake:3:  layout_grid_shapes, serial_shops, nicolae_shop_stone
Snake:4:  snake_pit_salamanders_mu, layout_cave_town, st_stairs_1
Slime:1:  layout_caves

Skill      XL: |  1  2  3  4  5  6  7  8  9 10 11 12 13 14 15 16 17 |
---------------+----------------------------------------------------+-----
Axes           | 2 3 4 5 7 9 10 11 12 14 15 16 | 16.4
Shields        | 3 4 5 7 8 9 10 11 12 13 | 13.5
Armour         | 3 4 5 6 7 |  7.8
Dodging        | 1 2 3 4 5 6 7 8 9 |  9.1
Throwing       | 1 2 3 4 6 9 11 13 | 13.9
Fighting       | 4 5 6 8 9 10 11 12 | 12.6
Stealth        | 2 3 4 5 |  5.5
Translocations | 1 |  1.2
Spellcasting   | 1 |  1.4
Evocations     | 1 |  1.1

Action                   |  1- 3 |  4- 6 |  7- 9 | 10-12 | 13-15 | 16-18 || total
-------------------------+-------+-------+-------+-------+-------+-------++-------
Melee: War axe           |    89 |   203 |   277 |   826 |  1256 |   522 ||  3173
Throw: Dart              |       |     9 |    11 |     5 |       |       ||    25
       Boomerang         |       |     2 |       |    42 |   453 |   568 ||  1065
       Throwing net      |       |       |     3 |     2 |       |       ||     5
       Javelin           |       |       |       |       |       |    98 ||    98
 Cast: Apportation       |       |       |       |     1 |     5 |       ||     6
Invok: Curse Item        |       |     3 |       |     1 |     4 |       ||     8
Evoke: Wand              |       |       |       |     9 |     1 |     1 ||    11
       Lightning rod     |       |       |       |       |       |     2 ||     2
  Use: Scroll            |       |     7 |    11 |    11 |    11 |     7 ||    47
       Potion            |       |       |       |     5 |     5 |     9 ||    19
 Stab: Distracted        |       |       |     1 |     7 |    10 |       ||    18
       Held in net/web   |       |       |       |     1 |       |       ||     1
       Sleeping          |       |       |       |     3 |     9 |     2 ||    14
       Confused          |       |       |       |       |     1 |       ||     1
  Eat: Chunk             |       |     8 |    11 |    24 |    34 |    13 ||    90
       Ration            |       |       |     1 |     1 |     2 |     6 ||    10
Armor: Scale mail        |    48 |    80 |    50 |    24 |       |       ||   202
       Pearl dragon scal |       |       |       |   128 |   218 |   109 ||   455
Dodge: Dodged            |    17 |    99 |   135 |   304 |   614 |   333 ||  1502
Block: Kite shield       |    49 |   109 |   186 |   515 |   906 |   429 ||  2194
